 Dungeon Crawl Stone Soup version 0.25.1-9-gc5326a611f (webtiles) character file.

Game seed: 71889504294002646

298 Clowwww the Covered (level 6, -10/48 HPs)
             Began as a Demonspawn Fighter on Dec 29, 2020.
             Was an Initiate of Trog.
             Killed from afar by Ijyb (15 damage)
             ... with a bolt of acid
             ... on level 3 of the Dungeon.
             The game lasted 00:04:17 (2765 turns).

Clowwww the Covered (Demonspawn Fighter)            Turns: 2765, Time: 00:04:17

Health: -10/48     AC: 10    Str: 18    XL:     6   Next: 13%
Magic:  6/6        EV:  3    Int:  9    God:    Trog [......]
Gold:   103        SH:  9    Dex: 13    Spells: 5/5 levels left

rFire    . . .     SeeInvis .   a - +0 war axe
rCold    . . .     Gourm    .   c - +0 kite shield
rNeg     . . .     Faith    .   g - +3 plate armour
rPois    .         Spirit   .   (helmet restricted)
rElec    .         Reflect  .   (no cloak)
rCorr    .         Harm     .   (no gloves)
MR       .....                  (no boots)
Stlth    ..........             (no amulet)
HPRegen  0.16/turn              (no ring)
MPRegen  0.10/turn              (no ring)

@: mighty, corroded
A: antennae 1, talons 1, spiny 2
a: Renounce Religion


You were on level 3 of the Dungeon.
You worshipped Trog.
Trog was noncommittal.
You were not hungry.

You visited 1 branch of the dungeon, and saw 3 of its levels.

You collected 103 gold pieces.

Inventory:

Hand Weapons
 a - a +0 war axe (weapon)
Armour
 c - a +0 kite shield (worn)
 g - a +3 plate armour (worn)
Scrolls
 e - a scroll of amnesia {unknown}
 i - 2 scrolls of teleportation {unknown}
 j - a scroll of remove curse {unknown}
 k - 2 scrolls of identify {unknown}
 m - a scroll of fear {unknown}
Potions
 d - a potion of might
 h - a potion of stabbing {unknown}
 l - a potion of curing {unknown}
Comestibles
 f - 2 rations


   Skills:
 + Level 3.8 Fighting
 + Level 3.6 Axes
 + Level 4.1 Armour
 + Level 0.5 Dodging
 + Level 0.3 Stealth
 + Level 3.4 Shields


You had 5 spell levels left.
You didn't know any spells.
Your spell library was empty.

Dungeon Overview and Level Annotations

Branches:
Dungeon (3/15)

Altars:
Trog

Annotations:
D:3 Ijyb


Innate Abilities, Weirdness & Mutations

You have a pair of small antennae on your head.
You have sharp toenails.
You are mostly covered in sharp spines.


Message History

Trog accepts your kill.
You see here a quokka skeleton.
You sense a monster nearby.
As you open the door, it creaks loudly!
Ijyb the Twisted Goblin comes into view.
She is carrying a wand of acid (7).
Ijyb shouts!
Ijyb zaps a wand.
The bolt of acid hits you.
You are splashed with acid!
Ijyb hits you but does no damage.
Found a stone staircase leading up.
There is an open door here.
Your shield and plate armour prevent you from hitting Ijyb.
You block Ijyb's attack.
You hit Ijyb. You claw Ijyb, but do no damage.
Ijyb is lightly wounded.
Ijyb hits you.
Ijyb zaps a wand.
The bolt of acid hits you! The acid corrodes you!
You are splashed with acid!
* * * LOW HITPOINT WARNING * * *
You feel very mighty all of a sudden.
Ijyb zaps a wand.
The bolt of acid hits you!
You die...

#.#
#......[#.#...#
#.# ###.#####.#
..# #.# #. #.#
#.# #.# # < .#
#.# .# .# #.#
#.#... #.#
#......
#.#####...####
#.....@g......
#######.....##
##...# ..# ...
##


You could see Ijyb.

Vanquished Creatures
  Grinder (D:3)
  Jessica (D:2)
  3 adders (D:3)
  An ooze (D:1)
  2 worms (D:2)
  A dart slug (D:1)
  5 leopard geckos
  4 bats
  7 goblins
  3 hobgoblins (D:1)
  6 kobolds
  A quokka (D:3)
  4 frilled lizards
  6 rats
45 creatures vanquished.

Notes
Turn   | Place    | Note
-------+----------+-------------------------------------------
     0 | D:1      | Clowwww the Demonspawn Fighter began the quest for the Orb.
     0 | D:1      | Reached XP level 1. HP: 18/18 MP: 1/1
   138 | D:1      | Gained mutation: You have sharp toenails. [demonic
                  | ancestry]
   138 | D:1      | Reached XP level 2. HP: 22/24 MP: 2/2
   540 | D:1      | Reached skill level 3 in Armour
   686 | D:1      | Gained mutation: You have a pair of small antennae on your
                  | head. [demonic ancestry]
   686 | D:1      | Reached XP level 3. HP: 29/29 MP: 3/3
  1118 | D:2      | Noticed Jessica
  1130 | D:2      | Killed Jessica
  1509 | D:2      | Gained mutation: You are partially covered in sharp spines.
                  | [demonic ancestry]
  1509 | D:2      | Reached XP level 4. HP: 22/35 MP: 4/4
  2398 | D:3      | Noticed Grinder
  2412 | D:3      | Found a bloodstained altar of Trog.
  2417 | D:3      | Became a worshipper of Trog the Wrathful
  2422 | D:3      | Paralysed by Grinder for 5 turns
  2432 | D:3      | Paralysed by Grinder for 7 turns
  2433 | D:3      | Killed Grinder
  2433 | D:3      | Reached skill level 4 in Armour
  2433 | D:3      | Gained mutation: You are mostly covered in sharp spines.
                  | [demonic ancestry]
  2433 | D:3      | Reached XP level 5. HP: 13/42 MP: 5/5
  2433 | D:3      | Reached XP level 6. HP: 15/48 MP: 6/6
  2761 | D:3      | Noticed Ijyb
  2765 | D:3      | Killed from afar by Ijyb

Illustrated notes

Levels and vault maps discovered:
D:1:      dpeg_arrival_renting, layout_basic,
          wander_ebering_terrifying_dragon_lair
D:2:      lemuel_upstairs_altar, layout_loops_corners, uniq_jessica
D:3:      layout_basic, tgw_fedhas, first_ration, trog_three_pillars_becter,
          uniq_grinder, uniq_ijyb

Skill      XL: |  1  2  3  4 |
---------------+-------------+-----
Axes           | 2 3 |  3.6
Armour         | 3 4 |  4.1
Shields        | 3 |  3.4
Fighting       | |  3.8
Dodging        | |  0.5
Stealth        | |  0.3

Action                   |  1- 3 |  4- 6 || total
-------------------------+-------+-------++-------
Melee: War axe           |    68 |    50 ||   118
       Kick              |    11 |     7 ||    18
  Use: Potion            |       |     1 ||     1
  Eat: Chunk             |     1 |     5 ||     6
Armor: Scale mail        |    24 |    11 ||    35
       Plate armour      |       |     8 ||     8
Dodge: Dodged            |    21 |     7 ||    28
Block: Kite shield       |    22 |    26 ||    48
